 Dungeon Crawl Stone Soup version 0.30-a0-358-g0d69a1922f (webtiles) character file.

Game seed: 16812069036216912229

2749266 manon the Conqueror (level 27, 261/273 HPs)
             Began as a Hill Orc Fighter on Jan 19, 2020.
             Was a High Priest of Okawaru.
             Escaped with the Orb
             ... and 5 runes on Nov 10, 2022!
             The game lasted 10:54:10 (88508 turns).

manon the Conqueror (Hill Orc Fighter)             Turns: 88508, Time: 10:54:10

Health: 261/273    AC: 41    Str: 22 (23) XL:     27
Magic:  31/33      EV:  9    Int: 13 (14) God:    Okawaru [*****.]
Gold:   6835       SH: 25    Dex:  8 (10) Spells: 13/26 levels left

rFire   + + +      SeeInvis +    b - +9 broad axe (vorpal)
rCold   + + +      Faith    .    m - +0 kite shield of Sunlight {Regen+ SInv}
rNeg    + + .      Spirit   +    L - +11 gold dragon scales
rPois   +          Reflect  .    X - +1 hat of Neciutsy {Slay+2}
rElec   .          Harm     .    H - scarf {rC+ rF+}
rCorr   +          Rampage  .    K - +0 pair of gloves "Nuudeasm" {rN+ Str+2 Stlth+}
Will    ++++.                    B - +0 pair of boots of Taber {rC+ Str-4 Slay+2}
Stlth   ..........               Z - brooch of Shielding {Spirit SH+8}
HPRegen 1.45/turn                n - ring of the Will of the Gods {rC+ rN+ Will+ rCorr}
MPRegen 0.23/turn                S - ring "Zote" {rF+ Will+ Str-2 Dex+5}

@: studying 2 skills
A: clever 1, clumsy 2, weak 1, inability to drink after injury 1, noise
suppression
0: Orb of Zot
}: 5/15 runes: decaying, slimy, silver, abyssal, gossamer
a: Renounce Religion, Heroism, Finesse, Duel


You escaped.
You worshipped Okawaru.
Okawaru was extremely pleased with you.
You visited 12 branches of the dungeon, and saw 58 of its levels.
You visited the Abyss 3 times.
You also visited: Trove, Ossuary, Gauntlet and Wizlab.

You collected 11086 gold pieces.
You spent 4251 gold pieces at shops.

Inventory:

Hand Weapons
 a - a +8 vampiric broad axe
 b - a +9 vorpal broad axe (weapon)
 c - a +1 antimagic war axe
Missiles
 h - 11 boomerangs (quivered)
 u - 26 javelins
 w - 3 throwing nets
 N - 18 silver boomerangs
 Y - 19 silver javelins
Armour
 m - the +0 kite shield of Sunlight (worn) {Regen+ SInv}
   (You took it off Donald on level 1 of the Swamp)

   SInv:      It lets you see invisible.
   Regen:     It increases your rate of health regeneration.
 B - the +0 pair of boots of Taber (worn) {rC+ Str-4 Slay+2}
   (Okawaru gifted it to you on level 4 of the Lair of Beasts)

   Str:       It affects your strength (-4).
   Slay:      It affects your accuracy & damage with ranged weapons and melee
   (+2).
   rC:        It protects you from cold.
 F - the +0 tower shield of Daugigan {rCorr Str+4}
   (Okawaru gifted it to you on level 3 of the Crypt)

   Str:       It affects your strength (+4).
   rCorr:     It protects you from acid and corrosion.
 H - a scarf of resistance (worn)
 K - the +0 pair of gloves "Nuudeasm" (worn) {rN+ Str+2 Stlth+}
   (Okawaru gifted it to you on level 3 of the Spider Nest)

   Str:       It affects your strength (+2).
   rN:        It protects you from negative energy.
   Stlth:     It makes you more stealthy.
 L - +11 gold dragon scales (worn)
 X - the +1 hat of Neciutsy (worn) {Slay+2}
   (Okawaru gifted it to you on level 4 of the Realm of Zot)

   Slay:      It affects your accuracy & damage with ranged weapons and melee
   (+2).
Jewellery
 d - the ring of Daisies {Fly rElec rF- rN+}
   (You found it in a treasure trove)

   [ring of flight]

   rF:        It makes you vulnerable to fire.
   rElec:     It insulates you from electricity.
   rN:        It protects you from negative energy.
   Fly:       It grants you flight.
 j - a ring of willpower
 l - the ring of Nuostrure {rC++ Int-3 Slay+4}
   (You took it off a deep elf zephyrmancer on level 3 of the Elven Halls)

   [ring of slaying]

   Int:       It affects your intelligence (-3).
   Slay:      It affects your accuracy & damage with ranged weapons and melee
   (+4).
   rC:        It greatly protects you from cold.
 n - the ring of the Will of the Gods (left hand) {rC+ rN+ Will+ rCorr}
   (You found it in a treasure trove)

   [ring of willpower]

   rC:        It protects you from cold.
   rN:        It protects you from negative energy.
   rCorr:     It protects you from acid and corrosion.
   Will:      It increases your willpower.
 q - an amulet of reflection
 r - the ring "Qanuitin" {Wiz rC+}
   (You found it in a treasure trove)

   [ring of wizardry]

   It improves your spell success rate.
   rC:        It protects you from cold.
 J - a ring of positive energy
 P - the amulet "Resah" {rPois Will+ Regen+ Int-4 Stlth+}
   (You found it on level 5 of the Depths)

   [amulet of regeneration]

   Int:       It affects your intelligence (-4).
   rPois:     It protects you from poison.
   Regen:     It increases your rate of health regeneration.
   Will:      It increases your willpower.
   Stlth:     It makes you more stealthy.
 S - the ring "Zote" (right hand) {rF+ Will+ Str-2 Dex+5}
   (You found it in a Gauntlet)

   [ring of willpower]

   Str:       It affects your strength (-2).
   Dex:       It affects your dexterity (+5).
   rF:        It protects you from fire.
   Will:      It increases your willpower.
 U - a ring of the Octopus King {rCorr HP+2 AC+2 EV+2 SH+2}
   (You found it on level 5 of the Pits of Slime)

   [ring of resist corrosion]

   AC:        It affects your AC (+2).
   EV:        It affects your evasion (+2).
   HP:        It affects your health (+2).
   rCorr:     It protects you from acid and corrosion.
   SH:        It affects your SH (+2).
 Z - the brooch of Shielding (around neck) {Spirit SH+8}
   (You found it on level 10 of the Dungeon)

   [amulet of guardian spirit]

   It causes incoming damage to be divided between your reserves of health and
   magic.
   SH:        It affects your SH (+8).
Wands
 f - a wand of digging (18)
 g - a wand of roots (22)
 t - a wand of paralysis (2)
 A - a wand of light (49)
 E - a wand of iceblast (4)
Scrolls
 e - 12 scrolls of poison
 k - 8 scrolls of silence
 v - 2 scrolls of summoning
 D - 7 scrolls of blinking
 M - 17 scrolls of fear
 Q - 5 scrolls of fog
 V - 8 scrolls of magic mapping
 W - 24 scrolls of teleportation
Potions
 i - 33 potions of curing
 o - 2 potions of cancellation
 p - 5 potions of berserk rage
 s - 16 potions of mutation
 x - 11 potions of ambrosia
 z - 14 potions of heal wounds
 C - 8 potions of resistance
 G - 14 potions of might
 R - 5 potions of invisibility
 T - 7 potions of haste
Miscellaneous
 y - a phantom mirror
 I - a condenser vane
 O - a tin of tremorstones (2/2)


   Skills:
 O Level 27 Fighting
 + Level 23.3 Axes
 - Level 14.0 Throwing
 - Level 24.0 Armour
 - Level 12.0 Dodging
 O Level 27 Shields
 - Level 15.0 Translocations
 - Level 12.0 Earth Magic
 - Level 14.0 Invocations
 - Level 10.0 Evocations


You had 13 spell levels left.
You knew the following spells:

 Your Spells              Type           Power      Damage    Failure   Level
a - Blink                 Tloc           78%        N/A       1%          2
b - Statue Form           Tmut/Erth      10%        N/A       100%        6
c - Manifold Assault      Tloc           39%        N/A       9%          4
d - Apportation           Tloc           78%        N/A       1%          1

Your spell library contained the following spells:

 Spells                   Type           Power      Damage    Failure   Level
 Sandblast                Erth           62%        2d14      2%          1
 Gell's Gravitas          Tloc           39%        N/A       2%          3
 Lesser Beckoning         Tloc           78%        N/A       2%          3
 Teleport Other           Tloc           39%        N/A       2%          3
 Momentum Strike          Conj/Tloc      38%        3d9       26%         2
 Passwall                 Tmut/Erth      12%        N/A       45%         2
 Portal Projectile        Hex/Tloc       38%        N/A       47%         3
 Lee's Rapid Deconstruct  Erth           15%        3d10*     61%         5
 Stone Arrow              Conj/Erth      30%        3d8       69%         3
 Dispersal                Tloc           19%        N/A       77%         6
 Kindle Blastsparks       Fire/Tloc/Air  26%        2d12      83%         3
 Iskenderun's Mystic Bla  Conj/Tloc      19%        2d6       87%         4
 Leda's Liquefaction      Hex/Erth       7%         N/A       97%         4
 Petrify                  Tmut/Erth      15%        N/A       97%         4
 Animate Skeleton         Necr           0%         N/A       98%         1
 Beastly Appendage        Tmut           0%         N/A       98%         1
 Foxfire                  Conj/Fire      0%         2x1d4     98%         1
 Freeze                   Ice            0%         1d3       98%         1
 Kiss of Death            Conj/Necr      0%         2d5       98%         1
 Magic Dart               Conj           0%         1d3       98%         1
 Necrotise                Necr           0%         1d4       98%         1
 Pain                     Necr           0%         1d4       98%         1
 Shock                    Conj/Air       0%         1d3       98%         1
 Slow                     Hex            0%         N/A       98%         1
 Sting                    Tmut/Pois      0%         1d3       98%         1
 Cigotuvi's Dreadful Rot  Necr/Pois/Air  0%         N/A       99%         2
 Ensorcelled Hibernation  Hex/Ice        0%         N/A       99%         2
 Poisonous Vapours        Pois/Air       0%         N/A       99%         2
 Scorch                   Fire           0%         2d5       99%         2
 Searing Ray              Conj           0%         2d4       99%         2
 Sublimation of Blood     Necr           0%         N/A       99%         2
 Wereblood                Tmut           0%         N/A       99%         2
 Confusing Touch          Hex            0%         N/A       100%        3
 Dazzling Flash           Conj/Hex       0%         N/A       100%        3
 Frozen Ramparts          Ice            0%         1d1       100%        3
 Hailstorm                Conj/Ice       0%         3d3       100%        3
 Ignite Poison            Fire/Tmut/Pois 0%         N/A       100%        3
 Inner Flame              Hex/Fire       0%         N/A       100%        3
 Mephitic Cloud           Conj/Pois/Air  0%         N/A       100%        3
 Ozocubu's Armour         Ice            0%         N/A       100%        3
 Spider Form              Tmut/Pois      0%         N/A       100%        3
 Swiftness                Air            0%         N/A       100%        3
 Vampiric Draining        Necr           0%         2d6       100%        3
 Airstrike                Air            0%         2d(0-16)  100%        4
 Anguish                  Hex/Necr       0%         N/A       100%        4
 Flame Wave               Conj/Fire      0%         2d4       100%        4
 Fulminant Prism          Conj/Hex       0%         3d5       100%        4
 Ice Form                 Ice/Tmut       0%         N/A       100%        4
 Olgreb's Toxic Radiance  Pois           0%         N/A       100%        4
 Sticky Flame             Conj/Fire      0%         2d3       100%        4
 Agony                    Necr           0%         N/A       100%        5
 Alistair's Intoxication  Tmut/Pois      0%         N/A       100%        5
 Blade Hands              Tmut           0%         N/A       100%        5
 Borgnjor's Vile Clutch   Necr/Erth      7%         N/A       100%        5
 Fireball                 Conj/Fire      0%         3d3       100%        5
 Freezing Cloud           Conj/Ice/Air   0%         6-21      100%        5
 Iskenderun's Battlesphe  Conj           0%         2d6       100%        5
 Lightning Bolt           Conj/Air       0%         1d11      100%        5
 Metabolic Englaciation   Hex/Ice        0%         N/A       100%        5
 Silence                  Hex/Air        0%         N/A       100%        5
 Yara's Violent Unravell  Hex/Tmut       0%         3d3       100%        5
 Conjure Ball Lightning   Conj/Air       0%         3x3d7     100%        6
 Eringya's Noxious Bog    Tmut/Pois      0%         N/A       100%        6
 Iron Shot                Conj/Erth      7%         9d2       100%        6
 Starburst                Conj/Fire      0%         6d3       100%        6
 Enfeeble                 Hex            0%         N/A       100%        7
 Orb of Destruction       Conj           0%         9d5       100%        7
 Storm Form               Tmut/Air       0%         N/A       100%        7
 Discord                  Hex            0%         N/A       100%        8
 Disjunction              Tloc           19%        N/A       100%        8
 Ignition                 Fire           0%         3d3       100%        8
 Lehudib's Crystal Spear  Conj/Erth      7%         10d3      100%        8
 Chain Lightning          Conj/Air       0%         N/A       100%        9
 Death's Door             Necr           0%         N/A       100%        9
 Fire Storm               Conj/Fire      0%         5d1       100%        9
 Shatter                  Erth           15%        3d15*     100%        9
 Animate Armour           Summ/Erth      Unusable   N/A       N/A         4
 Summon Small Mammal      Summ           Unusable   N/A       N/A         1
 Call Imp                 Summ           Unusable   N/A       N/A         2
 Summon Forest            Summ/Tloc      Unusable   N/A       N/A         5
 Summon Guardian Golem    Hex/Summ       Unusable   N/A       N/A         3
 Tukima's Dance           Hex            Unusable   N/A       N/A         3
 Animate Dead             Necr           Unusable   N/A       N/A         4
 Summon Ice Beast         Ice/Summ       Unusable   N/A       N/A         4
 Summon Lightning Spire   Summ/Air       Unusable   N/A       N/A         4
 Death Channel            Necr           Unusable   N/A       N/A         6
 Simulacrum               Ice/Necr       Unusable   N/A       N/A         6
 Summon Cactus Giant      Summ           Unusable   N/A       N/A         6
 Spellforged Servitor     Conj/Summ      Unusable   N/A       N/A         7
 Summon Hydra             Summ           Unusable   N/A       N/A         7
 Infestation              Necr           Unusable   N/A       N/A         8

Dungeon Overview and Level Annotations

Branches:
Dungeon (15/15)            Temple (0/1) D:7            Lair (6/6) D:8
  Swamp (4/4) Lair:2       Spider (4/4) Lair:4        Slime (5/5) Lair:5
    Orc (2/2) D:11            Elf (3/3) Orc:2        Vaults (5/5) D:14
  Crypt (3/3) Vaults:3       Tomb (0/3) Crypt:3      Depths (5/5) D:15
   Hell (visited)             Zot (5/5) Depths:4    Ossuary (visited)
 WizLab (visited)         Gauntlet (visited)
    Dis: Hell:1         Geh: Hell:1         Coc: Hell:1         Tar: Hell:1

Altars:
Ashenzari
Dithmenos
Elyvilon
Fedhas
Gozag
Hepliaklqana
Kikubaaqudgha
Nemelex Xobeh
Okawaru
Sif Muna
Trog
Vehumet
Wu Jian
Zin
The Shining One
Jiyva

Shops:
D:8 [?   Orc:2 !*=((   Elf:2 !   Vaults:1 (   Vaults:2 (   Vaults:3 ?!(*
Depths:3 =?[!   Depths:4 (***[[

Portals:
Hell: Depths:1 Depths:2 Depths:3 Depths:4 Depths:5
Abyss: Lair:1 Depths:2 Depths:3
Pandemonium: Depths:1 Depths:2
Ziggurat: Depths:5

Annotations:
D:8 exclusion: two-headed ogre
Lair:2 2 transporters, Quaruhoi's ghost, journeyman TrGl
Swamp:2 Roxanne
Spider:1 exclusion: 2 oklob plants
Slime:5 1 exclusion
Elf:2 3 runed translucent doors
Elf:3 exclusions: door and 1 more exclusion


Innate Abilities, Weirdness & Mutations

Your mind is acute. (Int +4, Str/Dex -1)
You are very clumsy. (Dex -4)
You are weak. (Str -2)
You occasionally lose the ability to drink potions when taking damage.
You passively dampen the noise of your surroundings.


Message History

There is a stone staircase leading up here.
You climb upwards.
There is a stone staircase leading down here.
There is a stone staircase leading up here.
You climb upwards.
There is a stone staircase leading down here.
There is a stone staircase leading up here.
You climb upwards.
There is a stone staircase leading down here.
You see here 16 stones.
There is an open door here.
There is an open door here.
There is a stone staircase leading up here.
You climb upwards.
There is a stone staircase leading down here.
There is a stone staircase leading up here.
You climb upwards.
There is a stone staircase leading down here.
You see here a +0 dagger.
You see here a +0 club.
There is a stone staircase leading up here.
You climb upwards.
There is a stone staircase leading down here.
There is a stone staircase leading up here.
You climb upwards.
There is a stone staircase leading down here.
You see here a +0 leather armour.
You see here a +0 ring mail.
You see here a +0 club.
As you open the door, it creaks loudly!
There is an open door here.
The cacodemon shouts!
The demonspawn warmonger shouts!
The cacodemon gestures next to you.
Some rock shatters into small pieces.
The demonspawn corrupter barely misses you.
There is a staircase leading out of the dungeon here.
The demonspawn corrupter calls forth creatures from the Elven Halls!
The cacodemon hits you!
The cacodemon hits you but does no damage.
You have escaped!

#.##............##
####'####..........#.
##PP#.#PP##........##.
##P~~#.#.PP##..#...###.
##P~~~#.#P..P##..##.....
#P~~~~..#..PPP#.........
#P~~~~#.#....P#.#####.##
#########..######.# #....
#.+......@2..e..'.# #....
#.#######.##6#########....
#.#PP...#.#6~~~P# ##....##
#.#PPP..#.#~e~eP###.......
#.##P...#.#~~~P##...#####.
#.###P..#.#~~P####.## ##
#.# ##PP#.#PP## #.# #.#
####+########.#
#.######......##...#######


You could see a demonspawn warmonger, a cacodemon, a demonspawn corrupter, 2
deep elf sorcerers and a deep elf high priest (summoned).

Vanquished Creatures
  the Royal Jelly (Slime:5)
  5 dread liches
  9 orbs of fire
  4 ancient liches
  Mara (Depths:3)
  A juggernaut (Depths:5)
  Vv (Crypt:3)
  5 Killer Klowns (Zot:5)
  Parghit (Depths:4)
  9 caustic shrikes
  Saint Roka (Depths:4)
  2 curse toes
  16 golden dragons
  Geryon (Hell)
  2 bone dragons
  8 electric golems
  19 tentacled monstrosities
  Jorgrun (D:14)
  12 liches
  6 searing wretches (Hell)
  Asterion (Vaults:2)
  27 Orb Guardians
  7 quicksilver dragons
  A walking crystal tome (Depths:3)
  4 deep elf blademasters
  A walking frostbound tome (Depths:5)
  4 walking divine tomes
  5 titans (Vaults:5)
  16 acid blobs
  3 ancient champions
  2 tentacled starspawn
  12 death cobs
  5 sphinxes
  The ghost of Pehig the Executioner, an adept MeFi of Okawaru (D:15)
  5 deep elf master archers
  7 draconian monks
  5 thorn hunters
  2 revenants
  Donald (Swamp:1)
  9 tengu reavers
  21 storm dragons
  12 rockslimes
  12 shadow dragons
  8 azure jellies
  15 frost giants
  4 draconian knights
  4 fenstrider witches
  6 iron dragons
  18 fire giants
  2 draconian scorchers
  17 vault wardens
  8 deep elf sorcerers
  A curse skull (Crypt:3)
  2 emperor scorpions
  2 spectral caustic shrikes (Depths:2)
  A caustic shrike zombie (Crypt:2)
  3 draconian shifters
  Louise (Depths:2)
  4 deep elf elementalists (Elf:3)
  Aizul (Vaults:1)
  7 ghouls
  2 balrugs
  9 broodmothers
  4 draconian annihilators
  9 ghost moths
  An angel (Abyss:3)
  8 reapers
  An orc warlord (Vaults:1)
  6 ironbound thunderhulks
  4 draconian stormcallers
  39 very ugly things
  21 ironbound preservers
  7 quicksilver oozes
  6 spriggan defenders
  4 war gargoyles
  A caustic shrike skeleton (Crypt:3)
  29 stone giants
  6 eleionomae
  12 vampire knights
  9 dire elephants
  15 red draconians
  13 green draconians
  7 yellow draconians
  9 purple draconians
  22 spark wasps
  10 black draconians
  9 deep elf demonologists
  7 bunyips
  10 deep elf annihilators (Elf:3)
  3 eidola
  16 white draconians
  A minotaur (Gauntlet)
  A green death (Depths:2)
  Josephine (D:13)
  Snorg (Lair:5)
  22 yaktaur captains
  10 jiangshi
  14 fire dragons
  3 shambling mangroves
  6 deep elf death magi
  16 ettins
  20 hydras
  2 quicksilver dragon zombies (Crypt:3)
  6 great orbs of eyes
  7 rakshasas
  A spriggan zombie (Crypt:3)
  11 entropy weavers
  A juggernaut simulacrum (Depths:1)
  Fannar (Orc:1)
  The ghost of Lanoc the Prestidigitator, a journeyman DsAr of Wu Jian (Lair:1)
  12 ice dragons
  13 ironbound frosthearts
  37 vault guards
  2 peacekeepers
  9 spriggan air magi
  2 death knights
  8 boulder beetles
  9 ogre magi
  3 radroaches
  3 jorogumos
  12 centaur warriors
  13 deep troll earth magi
  14 alligators
  35 two-headed ogres
  13 dancing weapons
  2 tengu warriors (Depths:2)
  A titan zombie (Depths:1)
  12 vampire magi
  6 satyrs
  A two-headed ogre (shapeshifter) (Vaults:5)
  13 death yaks
  12 deep troll shamans
  4 hell hogs
  7 spriggan berserkers
  Urug (Orc:1)
  4 naga sharpshooters (WizLab)
  5 soul eaters
  7 sun demons
  14 hell knights
  7 thrashing horrors
  A shadow wraith (Vaults:5)
  9 deep elf knights
  7 iron trolls
  5 wretched stars
  Amaemon (Lair:1)
  A spatial maelstrom (Abyss:3)
  6 spriggan druids
  A golden dragon zombie (Depths:1)
  2 sun moths
  8 pharaoh ants
  A storm dragon skeleton (Vaults:4)
  A fire crab (D:14)
  30 skeletal warriors
  3 goliath frogs
  6 flayed ghosts
  4 glowing orange brains
  A glowing orange brain (shapeshifter) (Abyss:3)
  52 deep trolls
  A steelbarb worm (shapeshifter) (Elf:3)
  10 orb spiders
  8 steelbarb worms
  11 bog bodies
  8 swamp dragons
  9 phantasmal warriors
  A wolf spider zombie (Crypt:1)
  20 deep elf zephyrmancers
  6 lindwurms
  An obsidian statue (Gauntlet)
  9 wizards
  4 deep elf archers
  7 harpies
  15 deep elf pyromancers
  8 orc knights
  15 large abominations
  14 ironbound convokers
  50 ugly things
  A golden dragon skeleton (Crypt:2)
  13 necromancers
  32 wolf spiders
  A harpy (shapeshifter) (Vaults:5)
  3 fauns (WizLab)
  A tengu skeleton (Vaults:4)
  37 moths of wrath
  2 orc sorcerers
  A cyclops (shapeshifter) (D:14)
  A salamander (shapeshifter) (Elf:3)
  7 will-o-the-wisps
  5 worldbinders
  4 oklob plants
  4 shining eyes
  2 manticores (D:12)
  6 fire giant skeletons (Crypt:3)
  7 cyclopes
  8 black mambas
  Joseph (D:7)
  2 water nymphs (Abyss:3)
  A frost giant skeleton (Depths:1)
  4 elephants (Lair:3)
  A guardian serpent (Lair:6)
  2 rust devils
  21 vault sentinels
  8 torpor snails
  6 smoke demons
  2 human skeletons (Vaults:4)
  A dire elephant zombie (Crypt:3)
  A naga zombie (Crypt:3)
  An alligator snapping turtle zombie (Crypt:3)
  19 cane toads
  4 gargoyles (Crypt:3)
  An orange demon (Lair:1)
  An ice statue (Spider:2)
  An unseen horror (Lair:5)
  14 demonic crawlers
  A rime drake (shapeshifter) (Depths:5)
  Maggie (D:7)
  A naga skeleton (Crypt:3)
  6 freezing wraiths
  2 hellions
  A komodo dragon (shapeshifter) (Vaults:5)
  A catoblepas zombie (Crypt:2)
  2 rime drakes (Lair:5)
  10 komodo dragons
  A swamp worm zombie (Crypt:2)
  36 yaktaurs
  A human zombie (Vaults:1)
  2 hellwings (Abyss:3)
  3 ice devils
  2 ancient zymes
  3 efreet
  A golden dragon simulacrum (Depths:1)
  A green draconian skeleton (Crypt:1)
  3 red devils
  6 tengu conjurers
  A hydra zombie (Crypt:3)
  9 meliai
  A black draconian skeleton (Crypt:1)
  A death drake zombie (Crypt:1)
  A harpy zombie (Crypt:3)
  12 tyrant leeches
  A polar bear (Lair:5)
  19 hornets
  A bloated husk (Swamp:1)
  11 trolls
  29 tarantellas
  51 slime creatures
  2 harpy skeletons
  19 blink frogs
  7 raiju
  A satyr zombie (Crypt:2)
  A tengu simulacrum (Vaults:4)
  A dream sheep (shapeshifter) (Depths:4)
  10 dream sheep
  A tarantella zombie (Crypt:1)
  37 jumping spiders
  5 air elementals
  13 spriggans
  An alligator skeleton (Hell)
  4 shadows
  13 water elementals
  10 fire dragon skeletons (Crypt:3)
  A flying skull (Abyss:3)
  7 vampires (Crypt:3)
  4 ynoxinuls
  24 culicivoras
  2 ettin skeletons
  8 wyverns
  44 yaks
  5 basilisks
  12 wraiths
  A hog (shapeshifter) (D:14)
  72 redbacks
  5 golden eyes (Slime:1)
  12 vampire mosquitoes
  An elf skeleton (Vaults:1)
  2 redbacks (shapeshifter)
  A removed hungry ghost (D:7)
  2 chaos spawn (Abyss:3)
  A glowing shapeshifter zombie (Depths:1)
  3 neqoxecs
  9 wargs
  An acid dragon (D:10)
  12 swamp worms
  Duvessa (D:7)
  27 water moccasins
  2 glowing shapeshifter skeletons (Depths:1)
  5 floating eyes
  20 orc warriors
  10 swamp drakes
  An alligator simulacrum (Hell)
  A black bear (shapeshifter) (D:13)
  A hornet zombie (Crypt:2)
  3 sky beasts
  4 black bears
  3 phantoms
  A snapping turtle zombie (Crypt:2)
  55 ogres
  13 wolves
  13 centaurs
  4 ghosts (D:8)
  A salamander zombie (Crypt:2)
  3 necrophages
  An elf zombie (Ossuary)
  12 bullfrogs
  2 earth elementals (Elf:1)
  Dowan (D:7)
  A water moccasin zombie (D:8)
  15 small abominations
  4 scorpions
  A warg skeleton (Crypt:1)
  4 killer bees (D:8)
  An orc simulacrum (Vaults:1)
  8 electric eels
  9 wights
  A raiju skeleton (Crypt:1)
  4 howler monkeys
  6 crimson imps
  27 starcursed masses
  2 centaur zombies
  4 quasits
  A bullfrog zombie (D:6)
  5 hounds
  4 jellies (Lair:5)
  2 gnoll boudas
  18 orc priests
  23 orc wizards
  5 iguanas
  4 iron imps
  Jessica (D:5)
  2 centaur skeletons
  7 removed worker ants
  A lightning spire (Zot:2)
  A hound zombie (Ossuary)
  4 mummies (Ossuary)
  A removed worker ant zombie (D:6)
  2 howler monkey skeletons
  12 adders
  18 gnolls
  3 shadow imps
  2 white imps
  2 ufetubi
  2 adder skeletons
  3 adder zombies
  A dart slug (D:2)
  99 orcs
  9 removed leopard geckos
  3 endoplasms (Lair:5)
  7 giant cockroaches
  3 goblins
  6 hobgoblins
  16 jackals
  11 kobolds
  A ball python (D:1)
  4 bats
  A gnoll zombie (Ossuary)
  2 hobgoblin zombies (Ossuary)
  2 kobold zombies (Ossuary)
  3 orc zombies (Ossuary)
  2 quokka skeletons
  5 rats
  A rat zombie (Ossuary)
  22 briar patches
  3 bushes (D:3)
  A butterfly (Lair:1)
  5 fire vortices (Hell)
  A fungus (D:5)
  A lurking horror (Abyss:3)
  4 plants
2821 creatures vanquished.

Vanquished Creatures (others)
  A wizard (Vaults:2)
  An ogre (Zot:1)
  A bullfrog (shapeshifter) (Vaults:5)
  A creeping inferno (Hell)
  29 foxfires
  31 fungi
  50 plants
  A starspawn tentacle (Abyss:3)
  5 toadstools (D:15)
  4 withered plants
124 creatures vanquished.

Grand Total: 2945 creatures vanquished

Notes
Turn   | Place    | Note
-------+----------+-------------------------------------------
     0 | D:1      | manon the Hill Orc Fighter began the quest for the Orb.
     0 | D:1      | Reached XP level 1. HP: 19/19 MP: 1/1
  1075 | D:1      | Reached XP level 2. HP: 25/27 MP: 2/2
  2300 | D:2      | Reached XP level 3. HP: 25/33 MP: 3/3
  2735 | D:2      | Noticed a phantom
  2745 | D:2      | Killed a phantom
  2745 | D:2      | Reached skill level 5 in Axes
  2745 | D:2      | Reached XP level 4. HP: 41/41 MP: 4/4
  2745 | D:2      | Reached XP level 5. HP: 47/47 MP: 5/5
  2898 | D:2      | Reached skill level 5 in Fighting
  5617 | D:4      | Reached XP level 6. HP: 56/56 MP: 6/6
  6047 | D:4      | Reached XP level 7. HP: 63/63 MP: 7/7
  6233 | D:4      | Found an iron altar of Okawaru.
  6402 | D:4      | Got a crude spear
  6547 | D:4      | Upgraded the game from 0.25-a0-420-g1cc7eeb0d1 to
                  | 0.25-a0-424-g80bd347ae0
  6547 | D:4      | Upgraded the game from 0.25-a0-424-g80bd347ae0 to
                  | 0.25-a0-528-g6b7c99946c
  7139 | D:4      | Reached XP level 8. HP: 71/73 MP: 8/8
  7611 | D:5      | Entered Level 5 of the Dungeon
  7633 | D:5      | Reached skill level 10 in Axes
  7796 | D:5      | Found a blossoming altar of Fedhas.
  8310 | D:5      | Noticed Jessica
  8322 | D:5      | Found a shimmering blue altar of Sif Muna.
  8330 | D:5      | Killed Jessica
  8432 | D:4      | Became a worshipper of Warmaster Okawaru
  8622 | D:5      | Reached skill level 1 in Invocations
  8946 | D:6      | Reached XP level 9. HP: 50/82 MP: 8/10
  9696 | D:7      | Found a sparkling altar of Nemelex Xobeh.
  9700 | D:7      | Found a glowing golden altar of the Shining One.
  9700 | D:7      | Found a hazy altar of Hepliaklqana.
  9724 | D:7      | Noticed Duvessa
  9724 | D:7      | Noticed Dowan
  9725 | D:7      | Found a glowing silver altar of Zin.
  9725 | D:7      | Found an opulent altar of Gozag.
  9746 | D:7      | Killed Duvessa
  9748 | D:7      | Killed Dowan
  9796 | D:7      | Reached * piety under Okawaru
 10121 | D:7      | Found a sand-covered staircase.
 10187 | Ossuary  | Entered an ossuary
 10385 | D:7      | Reached skill level 5 in Shields
 10451 | D:7      | Found a staircase to the Ecumenical Temple.
 10519 | D:7      | Reached skill level 5 in Armour
 10520 | D:7      | Noticed Maggie
 10538 | D:7      | Killed Maggie
 10882 | D:7      | Reached ** piety under Okawaru
 10882 | D:7      | Reached XP level 10. HP: 90/91 MP: 10/13
 10886 | D:7      | Reached skill level 5 in Invocations
 10991 | D:7      | Noticed Joseph
 11003 | D:7      | Killed Joseph
 11211 | D:8      | Found Riateel's Antique Armour Shop.
 11214 | D:8      | Bought a glowing cloak for 157 gold pieces
 11331 | D:8      | Upgraded the game from 0.25-a0-528-g6b7c99946c to
                  | 0.30-a0-335-ge5acde7520
 11428 | D:8      | Reached *** piety under Okawaru
 11566 | D:8      | Identified the +3 spear "Beetlebane" {venom, Str+2 Stlth+}
                  | (You found it on level 4 of the Dungeon)
 11596 | D:8      | Reached skill level 10 in Fighting
 11829 | D:8      | Found Vassut's Magic Scroll Boutique.
 11837 | D:8      | Bought a scroll of enchant weapon for 97 gold pieces
 11859 | D:8      | Found a staircase to the Lair.
 11861 | D:8      | Noticed a two-headed ogre
 11879 | D:8      | Killed a two-headed ogre
 11886 | D:8      | Reached **** piety under Okawaru
 12342 | D:8      | Noticed a two-headed ogre
 12619 | Lair:1   | Entered Level 1 of the Lair of Beasts
 12619 | Lair:1   | Noticed Amaemon
 12619 | Lair:1   | Noticed an orange demon
 12735 | D:9      | Reached XP level 11. HP: 95/101 MP: 16/16
 12967 | D:9      | Found a shadowy altar of Dithmenos.
 12967 | D:9      | You fall into a shaft and drop 2 floors!
 13035 | D:11     | Found a staircase to the Orcish Mines.
 13248 | D:10     | Entered Level 10 of the Dungeon
 13824 | D:9      | Found a bloodstained altar of Trog.
 14222 | D:9      | Reached ***** piety under Okawaru
 14572 | D:10     | Noticed a deep elf pyromancer
 14574 | D:10     | Noticed a boulder beetle
 14574 | D:10     | Noticed a brown ugly thing
 14643 | D:10     | Noticed a centaur warrior
 14659 | D:10     | Killed a centaur warrior
 15058 | D:11     | Noticed a brown ugly thing
 15072 | D:11     | Killed a brown ugly thing
 15072 | D:11     | Received a gift from Okawaru
 15319 | D:12     | Noticed a manticore
 15324 | D:12     | Killed a manticore
 15352 | D:12     | Noticed a cyclops
 15444 | Orc:1    | Entered Level 1 of the Orcish Mines
 15449 | Orc:1    | Noticed an orc knight
 15473 | Orc:1    | Noticed Urug
 15480 | Orc:1    | Killed an orc knight
 15481 | Orc:1    | Reached skill level 10 in Invocations
 15488 | Orc:1    | Killed Urug
 15489 | Orc:1    | Reached skill level 15 in Axes
 15489 | Orc:1    | Reached XP level 12. HP: 85/107 MP: 15/19
 15577 | Orc:1    | Noticed Fannar
 15651 | Orc:1    | Killed Fannar
 16039 | Orc:2    | Entered Level 2 of the Orcish Mines
 16112 | Orc:2    | Noticed a two-headed ogre
 16113 | Orc:2    | Noticed a two-headed ogre
 16113 | Orc:2    | Noticed an ogre mage
 16113 | Orc:2    | Noticed an ogre mage
 16122 | Orc:2    | Noticed an ogre mage
 16123 | Orc:2    | Noticed a two-headed ogre
 16132 | Orc:1    | Killed a two-headed ogre
 16133 | Orc:1    | Reached skill level 10 in Shields
 16177 | Orc:2    | Noticed a two-headed ogre
 16258 | Orc:2    | Noticed a two-headed ogre
 16269 | Orc:1    | Killed a two-headed ogre
 16275 | Orc:2    | Killed a two-headed ogre
 16311 | Orc:2    | Killed an ogre mage
 16311 | Orc:2    | Received a gift from Okawaru
 16340 | Orc:2    | Noticed a two-headed ogre
 16382 | Orc:2    | Noticed a two-headed ogre
 16474 | Orc:2    | Killed a two-headed ogre
 16609 | Orc:2    | Noticed a two-headed ogre
 16618 | Orc:2    | Killed a two-headed ogre
 16640 | Orc:2    | Noticed a two-headed ogre
 16666 | Orc:2    | Killed a two-headed ogre
 16676 | Orc:2    | Killed an ogre mage
 16690 | Orc:2    | Noticed a two-headed ogre
 16855 | Orc:2    | Killed a two-headed ogre
 17067 | Orc:2    | Found a staircase to the Elven Halls.
 17104 | Orc:2    | Noticed a two-headed ogre
 17112 | Orc:2    | Killed a two-headed ogre
 17118 | Orc:2    | Noticed an ogre mage
 17204 | Orc:2    | Paralysed by an ogre mage for 2 turns
 17209 | Orc:2    | Killed an ogre mage
 17209 | Orc:2    | Received a gift from Okawaru
 17210 | Orc:2    | Reached XP level 13. HP: 69/116 MP: 20/20
 17345 | Orc:2    | Received a gift from Okawaru
 17660 | Orc:2    | Found Ecaidus's Jewellery Boutique.
 17664 | Orc:2    | Found Mihun's Weapon Emporium.
 17664 | Orc:2    | Found Paezas's Weapon Boutique.
 17664 | Orc:2    | Found Coyh's Assorted Antiques.
 17783 | Orc:2    | Received a gift from Okawaru
 18222 | Orc:2    | Found Kaugufy's Distillery.
 18897 | D:12     | Reached skill level 10 in Armour
 19308 | D:13     | Noticed Josephine
 19326 | D:13     | Killed Josephine
 19567 | D:13     | Found a broken altar of Ashenzari.
 20059 | D:13     | Received a gift from Okawaru
 20371 | D:14     | Reached XP level 14. HP: 106/126 MP: 21/21
 20372 | D:14     | Identified the +1 robe "Cicem" {rCorr} (Okawaru gifted it
                  | to you on level 14 of the Dungeon)
 20372 | D:14     | Received a gift from Okawaru
 20383 | D:14     | Found a gate to the Vaults.
 20457 | D:14     | Found a gate leading to a gauntlet.
 20466 | Gauntlet | Entered a Gauntlet
 20466 | Gauntlet | Found a transporter.
 20469 | Gauntlet | Found a transporter.
 20471 | Gauntlet | Found a transporter.
 20475 | Gauntlet | Found a transporter.
 20481 | Gauntlet | Noticed a reaper
 20515 | Gauntlet | Found a transporter.
 20535 | Gauntlet | Found a transporter.
 20549 | Gauntlet | Found a transporter.
 20553 | Gauntlet | Found a transporter.
 20561 | Gauntlet | Found a transporter.
 20561 | Gauntlet | Found a transporter.
 20563 | Gauntlet | Found a transporter.
 20599 | Gauntlet | Found a transporter.
 20720 | Gauntlet | Identified the ring "Zote" {rF+ Will+ Str-2 Dex+5}
 20791 | Gauntlet | Killed a reaper
 21272 | D:14     | Noticed a sphinx
 21287 | D:14     | Killed a sphinx
 21544 | D:14     | Found an opulent altar of Gozag.
 21845 | D:14     | Noticed Jorgrun
 21888 | D:14     | Killed Jorgrun
 22502 | D:10     | Identified the +0 plate armour of Free Will {rF+ rCorr
                  | Dex+2} (Okawaru gifted it to you on level 10 of the
                  | Dungeon)
 22502 | D:10     | Received a gift from Okawaru
 22575 | D:10     | Found the brooch of Shielding {Spirit SH+8}
 22620 | D:10     | Identified the amulet "Qodet" {Acrobat rN++ Str+4 Int+3}
 23148 | Lair:1   | Killed Amaemon
 23349 | Lair:1   | Noticed Lanoc's ghost (journeyman DsAr)
 23355 | Lair:1   | Found a transporter.
 23419 | Lair:1   | Found a transporter.
 23425 | Lair:1   | Found a one-way gate to the infinite horrors of the Abyss.
 24143 | Lair:2   | Noticed Quaruhoi's ghost (journeyman TrGl)
 24143 | Lair:2   | Found a transporter.
 24143 | Lair:2   | Found a transporter.
 24349 | Lair:2   | Found a staircase to the Swamp.
 24501 | Lair:2   | Reached XP level 15. HP: 116/134 MP: 19/22
 25167 | Lair:3   | Reached skill level 15 in Shields
 26134 | Lair:4   | Found a hole to the Spider Nest.
 26528 | Lair:4   | Identified the +0 pair of boots of Taber {rC+ Str-4 Slay+2}
                  | (Okawaru gifted it to you on level 4 of the Lair of Beasts)
 26528 | Lair:4   | Received a gift from Okawaru
 26794 | Lair:4   | Reached skill level 1 in Throwing
 27474 | Lair:5   | Noticed Snorg
 27491 | Lair:5   | Killed Snorg
 27653 | Lair:5   | Reached skill level 15 in Armour
 27744 | Lair:5   | Noticed Sonja
 27746 | Lair:5   | Sonja changed into something unseen
 27750 | Lair:5   | Killed Sonja the unseen horror
 28040 | Lair:5   | Found a staircase to the Slime Pits.
 28040 | Lair:5   | Found a viscous altar of Jiyva.
 28254 | Lair:6   | Entered Level 6 of the Lair of Beasts
 28516 | Lair:6   | Reached XP level 16. HP: 146/146 MP: 23/23
 29405 | Lair:6   | Received a gift from Okawaru
 30159 | Spider:1 | Entered Level 1 of the Spider Nest
 30853 | Spider:1 | Reached skill level 5 in Throwing
 31204 | Spider:1 | Reached skill level 1 in Evocations
 31410 | Spider:1 | Reached skill level 15 in Fighting
 33263 | Spider:2 | Reached ****** piety under Okawaru
 33270 | Spider:2 | Identified the +3 ring mail of the Present {Str+6 Int+2
                  | SInv} (Okawaru gifted it to you on level 2 of the Spider
                  | Nest)
 33270 | Spider:2 | Received a gift from Okawaru
 33274 | Spider:2 | Reached XP level 17. HP: 87/158 MP: 9/24
 33307 | Spider:2 | Reached skill level 5 in Evocations
 35987 | Spider:3 | Identified the +0 pair of gloves "Nuudeasm" {rN+ Str+2
                  | Stlth+} (Okawaru gifted it to you on level 3 of the Spider
                  | Nest)
 35987 | Spider:3 | Received a gift from Okawaru
 36151 | Spider:4 | Entered Level 4 of the Spider Nest
 37188 | Spider:4 | Reached XP level 18. HP: 36/168 MP: 0/25
 38429 | Spider:4 | Got a gossamer rune of Zot
 39069 | D:8      | Bought a scroll of teleportation for 39 gold pieces
 39069 | D:8      | Bought a scroll of acquirement for 676 gold pieces
 39069 | D:8      | Bought a scroll of magic mapping for 97 gold pieces
 39069 | D:8      | Bought a scroll of teleportation for 39 gold pieces
 39069 | D:8      | Bought a scroll of blinking for 97 gold pieces
 39069 | D:8      | Bought a scroll of silence for 123 gold pieces
 39070 | D:8      | Acquired 645 gold pieces
 39171 | Orc:2    | Bought a scroll of enchant armour for 195 gold pieces
 39171 | Orc:2    | Bought a shimmering bronze amulet for 130 gold pieces
 39171 | Orc:2    | Identified the amulet "Utuotuda" {Faith rN+} (You bought it
                  | in a shop on level 2 of the Orcish Mines)
 39189 | Orc:2    | Bought a potion of haste for 180 gold pieces
 39383 | Lair:2   | Upgraded the game from 0.30-a0-335-ge5acde7520 to
                  | 0.30-a0-339-g89bb51ec76
 39384 | Swamp:1  | Entered Level 1 of the Swamp
 39403 | Swamp:1  | Identified the +0 kite shield of Sunlight {Regen+ SInv}
 39403 | Swamp:1  | Noticed Donald
 39418 | Swamp:1  | Killed Donald
 39694 | Swamp:1  | Received a gift from Okawaru
 40557 | Swamp:2  | Identified Roxanne's Writings on the Geologist
 40557 | Swamp:2  | Noticed Roxanne
 40880 | Swamp:3  | Paralysed by a hornet for 3 turns
 41883 | Swamp:3  | Received a gift from Okawaru
 41898 | Swamp:3  | Reached XP level 19. HP: 154/179 MP: 22/26
 42086 | Swamp:4  | Entered Level 4 of the Swamp
 42281 | Swamp:4  | Identified the +7 spear of Wuec {drain, Fly rC+ rN+ Dex+5}
                  | (Okawaru gifted it to you on level 4 of the Swamp)
 42281 | Swamp:4  | Received a gift from Okawaru
 43630 | Swamp:4  | Got a decaying rune of Zot
 44010 | Vaults:1 | Entered Level 1 of the Vaults
 44562 | Vaults:1 | Received a gift from Okawaru
 45125 | Vaults:1 | Acquired a +3 vampiric war axe
 45599 | Vaults:1 | Noticed Aizul
 45622 | Vaults:1 | Killed Aizul
 46380 | Vaults:1 | Found Riusaon's Antique Weapon Shoppe.
 46390 | Vaults:1 | Bought a runed broad axe for 273 gold pieces
 46796 | Vaults:2 | Identified the +3 ring mail of a volcano {rElec rC+ Slay-6
                  | Stlth+} (Okawaru gifted it to you on level 2 of the Vaults)
 46796 | Vaults:2 | Received a gift from Okawaru
 47072 | Vaults:2 | Reached XP level 20. HP: 191/191 MP: 27/27
 47237 | Vaults:2 | Noticed Asterion
 47245 | Vaults:2 | Killed Asterion
 47750 | Vaults:2 | Found Qatuavoh's Weapon Shoppe.
 48121 | Vaults:2 | Received a gift from Okawaru
 48270 | Vaults:3 | Found Myrum's Distillery.
 48947 | Vaults:3 | Found a radiant altar of Vehumet.
 48967 | Vaults:3 | Identified the +1 hat of Somewhere Else {*Corrode Int+4
                  | Dex+9}
 48992 | Vaults:3 | Identified the +1 hat of Impish Salvation {rPois Str-2
                  | Int+4}
 49064 | Vaults:3 | Found Imetan's Magic Scroll Emporium.
 49420 | Vaults:3 | Found a staircase to the Crypt.
 49493 | Vaults:3 | Found Cogoanw Kofu's General Store.
 49684 | Vaults:3 | Reached skill level 10 in Throwing
 49948 | Vaults:3 | Identified the +0 robe of Ceicvov {rPois SInv}
 50154 | Vaults:3 | Found Sum Ludgh's Weapon Emporium.
 50606 | Vaults:4 | Reached XP level 21. HP: 204/204 MP: 23/28
 50618 | Vaults:4 | Received a gift from Okawaru
 50740 | Vaults:4 | Received a gift from Okawaru
 51798 | Elf:1    | Entered Level 1 of the Elven Halls
 51976 | Elf:1    | Received a gift from Okawaru
 52476 | Elf:1    | Got the Quarto of the Creative Salvo
 52613 | Elf:1    | Learned a level 6 spell: Statue Form
 52620 | Elf:2    | Found Beacw's Distillery.
 53184 | Vaults:3 | Bought a scroll of enchant weapon for 142 gold pieces
 53519 | Elf:2    | Paralysed by an air elemental for 1 turns
 53571 | Elf:2    | Bought a potion of heal wounds for 70 gold pieces
 53571 | Elf:2    | Bought a potion of might for 56 gold pieces
 53576 | Elf:2    | Got Joimuumn's Octavo of Moulding
 53921 | Elf:2    | Found a runed translucent gate.
 53921 | Elf:2    | Found a runed translucent gate.
 53923 | Elf:2    | Found a runed translucent gate.
 54130 | Elf:3    | Entered Level 3 of the Elven Halls
 54152 | Elf:3    | Found a portal to a secret trove of treasure.
 54342 | Elf:3    | Upgraded the game from 0.30-a0-339-g89bb51ec76 to
                  | 0.30-a0-341-g682706514a
 54720 | Elf:3    | Paralysed by an air elemental for 1 turns
 54757 | Elf:3    | Paralysed by an air elemental for 1 turns
 54762 | Elf:3    | Paralysed by an air elemental for 1 turns
 54799 | Elf:3    | Learned a level 1 spell: Apportation
 54917 | Elf:3    | Received a gift from Okawaru
 54941 | Elf:3    | Identified the +7 long sword of the Unbearable God
                  | {antimagic, Will+ Str+2}
 54941 | Elf:3    | Identified the ring of Nuostrure {rC++ Int-3 Slay+4}
 54982 | Elf:3    | Identified the +2 robe "Piusoud" {Dex+3}
 55101 | Abyss:2  | Found a corrupted altar of Lugonu.
 55101 | Abyss:2  | Cast into level 2 of the Abyss (a deep elf demonologist)
 55317 | Abyss:2  | Paralysed by an air elemental for 1 turns
 55328 | Abyss:2  | Noticed a bone dragon
 55495 | Elf:3    | Escaped the Abyss
 55936 | Slime:1  | Entered Level 1 of the Pits of Slime
 56050 | Slime:2  | Reached XP level 22. HP: 183/193 MP: 23/29
 56094 | Slime:2  | Received a gift from Okawaru
 56555 | Elf:3    | Paralysed by an air elemental for 1 turns
 56564 | Elf:3    | Paralysed by an air elemental for 1 turns
 57235 | Abyss:3  | Cast into level 3 of the Abyss (a deep elf sorcerer)
 57633 | Elf:3    | Escaped the Abyss
 57640 | Elf:3    | HP: 5/190 [deep elf blademaster/+0 short sword (10)]
 58000 | Elf:3    | Received a gift from Okawaru
 58527 | Elf:3    | Reached skill level 10 in Evocations
 58681 | Elf:3    | Got the Octavo of Baneful Arcane Weapons
 58753 | Elf:3    | Got Okitwur's Omnibus of Doomed Interference
 58762 | Elf:3    | Found the +18 shield of the Gong {rElec rN+ Will+ EV-5}
 59410 | Slime:4  | Received a gift from Okawaru
 59411 | Slime:4  | Reached skill level 1 in Dodging
 59444 | Slime:4  | Gained mutation: You occasionally lose the ability to drink
                  | potions when taking damage. [a shining eye]
 59508 | Slime:5  | Entered Level 5 of the Pits of Slime
 59620 | Slime:5  | Noticed the Royal Jelly
 59785 | Slime:5  | Received a gift from Okawaru
 59935 | Slime:5  | Received a gift from Okawaru
 59939 | Slime:5  | Gained mutation: You are frail. (-10% HP) [a shining eye]
 59940 | Slime:5  | Gained mutation: You are occasionally teleported next to
                  | monsters. [a shining eye]
 59942 | Slime:5  | Gained mutation: You occasionally lose the ability to read
                  | scrolls when taking damage. [a shining eye]
 59973 | Slime:4  | Lost mutation: You are occasionally teleported next to
                  | monsters. [potion of mutation]
 59973 | Slime:4  | Lost mutation: You are frail. (-10% HP) [potion of
                  | mutation]
 59973 | Slime:4  | Lost mutation: You occasionally lose the ability to drink
                  | potions when taking damage. [potion of mutation]
 59973 | Slime:4  | Gained mutation: Your flesh is heat resistant. (rF+)
                  | [potion of mutation]
 59973 | Slime:4  | Gained mutation: You have a pair of small horns on your
                  | head. [potion of mutation]
 59974 | Slime:4  | Lost mutation: You occasionally lose the ability to read
                  | scrolls when taking damage. [potion of mutation]
 59974 | Slime:4  | Lost mutation: Your flesh is heat resistant. (rF+) [potion
                  | of mutation]
 59974 | Slime:4  | Gained mutation: Your magical capacity is low. (-10% MP)
                  | [potion of mutation]
 59974 | Slime:4  | Gained mutation: Your mind is acute. (Int +4, Str/Dex -1)
                  | [potion of mutation]
 60785 | Slime:5  | Killed the Royal Jelly
 61063 | Slime:5  | Found the ring of the Octopus King
 61085 | Slime:5  | Identified the +11 arbalest "Vohiss" {speed, Will+}
 61118 | Slime:5  | Identified the +10 quick blade "Liwuackunk" {flame, rN+
                  | Str+2 Int+2}
 61125 | Slime:5  | Identified a ring of the Octopus King {rCorr HP+2 AC+2 EV+2
                  | SH+2}
 61182 | Slime:5  | Got a slimy rune of Zot
 61750 | Vaults:5 | Entered Level 5 of the Vaults
 61751 | Vaults:5 | Noticed a golden dragon
 61764 | Vaults:5 | Killed a golden dragon
 61799 | Vaults:5 | Received a gift from Okawaru
 61816 | Vaults:5 | Reached XP level 23. HP: 148/226 MP: 15/27
 61991 | Vaults:5 | Reached skill level 5 in Dodging
 62025 | Vaults:5 | Identified the +1 broad axe "Naosehagg" {vorpal, Contam
                  | rElec rC+++ rN+} (Okawaru gifted it to you on level 5 of
                  | the Vaults)
 62025 | Vaults:5 | Received a gift from Okawaru
 62040 | Vaults:5 | Noticed an ancient lich
 62051 | Vaults:5 | Killed an ancient lich
 62065 | Vaults:5 | Identified the +6 great sword of Gravity {drain, Fly rF++
                  | rC- Int+3}
 62487 | Vaults:5 | Noticed an ancient lich
 62510 | Vaults:5 | Killed an ancient lich
 62529 | Vaults:5 | Received a gift from Okawaru
 62747 | Vaults:5 | Received a gift from Okawaru
 63073 | Vaults:5 | Identified the +9 quarterstaff of Futt {protect, rF+}
                  | (Okawaru gifted it to you on level 5 of the Vaults)
 63073 | Vaults:5 | Received a gift from Okawaru
 63416 | Vaults:5 | Got a silver rune of Zot
 63744 | Vaults:5 | Got the Omnibus of Concussion
 63784 | Vaults:5 | Reached XP level 24. HP: 232/232 MP: 27/27
 64120 | Vaults:5 | Identified the +4 quarterstaff of Exquisite Death {vorpal,
                  | Str+2}
 64293 | Vaults:5 | Upgraded the game from 0.30-a0-341-g682706514a to
                  | 0.30-a0-347-gf58ed5266c
 64453 | D:15     | Entered Level 15 of the Dungeon
 64458 | D:15     | Noticed Pehig's ghost (adept MeFi)
 64468 | D:15     | Found a runed translucent door.
 64505 | D:15     | Found a staircase to the Depths.
 64581 | D:15     | Received a gift from Okawaru
 64638 | D:15     | Paralysed by an ogre mage for 2 turns
 65240 | D:15     | Found a glowing golden altar of the Shining One.
 65241 | D:15     | Found a glowing silver altar of Zin.
 65242 | D:15     | Found a white marble altar of Elyvilon.
 65328 | D:15     | Identified the +0 kite shield "Ahiatis" {+Blink Fly rF++
                  | Will-} (Okawaru gifted it to you on level 15 of the
                  | Dungeon)
 65328 | D:15     | Received a gift from Okawaru
 65880 | Depths:1 | Entered Level 1 of the Depths
 65936 | Depths:1 | Found a magical portal.
 65946 | WizLab   | Entered Eringya's Formal Garden
 66565 | WizLab   | Found a blossoming altar of Fedhas.
 67696 | Depths:1 | Reached skill level 10 in Dodging
 67710 | Depths:1 | Found a one-way gate leading to the halls of Pandemonium.
 67833 | Depths:1 | Found a gateway to Hell.
 68224 | Depths:2 | Received a gift from Okawaru
 68309 | Depths:2 | Received a gift from Okawaru
 68309 | Depths:2 | Noticed a caustic shrike
 68326 | Depths:2 | Killed a caustic shrike
 68361 | Depths:2 | Reached XP level 25. HP: 250/250 MP: 22/27
 68468 | Depths:2 | Identified the +10 dagger of Gozag's Supremacy {antimagic,
                  | Int+5 Dex-5}
 68638 | Depths:2 | Received a gift from Okawaru
 68646 | Depths:2 | Found a white marble altar of Elyvilon.
 68726 | Depths:2 | Identified the +4 shortbow of Zuwemevi {elec, Str+4}
 68897 | Depths:2 | Noticed Louise
 68916 | Depths:2 | Killed Louise
 69483 | Depths:2 | Received a gift from Okawaru
 69762 | Depths:2 | Found an ornate altar of the Wu Jian Council.
 69808 | Depths:3 | Found Woecueda's Armour Emporium.
 69811 | Depths:3 | Found Fatattopn's Distillery.
 69811 | Depths:3 | Found Sulaneesh's Jewellery Shoppe.
 69816 | Depths:3 | Found Jiwo's Magic Scroll Shoppe.
 69823 | Depths:3 | Bought a scroll of enchant armour for 157 gold pieces
 69823 | Depths:3 | Bought a scroll of teleportation for 63 gold pieces
 69827 | Depths:3 | Bought a potion of invisibility for 96 gold pieces
 69827 | Depths:3 | Bought 2 potions of heal wounds for 120 gold pieces
 69827 | Depths:3 | Bought a potion of might for 48 gold pieces
 70027 | Depths:3 | Noticed Mara
 70032 | Depths:3 | Paralysed by a floating eye for 4 turns
 70058 | Depths:3 | Reached skill level 1 in Earth Magic
 70064 | Depths:3 | Reached skill level 1 in Translocations
 70069 | Depths:3 | Killed Mara
 70148 | Depths:3 | Received a gift from Okawaru
 70788 | Depths:4 | Noticed Parghit
 70810 | Depths:4 | Found Paulla's Assorted Antiques.
 70959 | Depths:4 | Identified the +10 mace "Omezarr" {holy, rElec Str-4 Dex+9
                  | SInv}
 71025 | Depths:4 | Found Leso's Armour Boutique.
 71030 | Depths:4 | Noticed Saint Roka
 71093 | Depths:4 | Killed Saint Roka
 71111 | Depths:4 | Found Tufebb's Armour Boutique.
 71251 | Depths:4 | Found Weyd's Assorted Antiques.
 71259 | Depths:4 | Bought 2 potions of heal wounds for 410 gold pieces
 71270 | Depths:4 | Found Musaraot's Weapon Shoppe.
 71394 | Depths:4 | Noticed a dread lich
 71414 | Depths:4 | Killed a dread lich
 71559 | Depths:4 | Received a gift from Okawaru
 71602 | Depths:4 | Paralysed by a floating eye for 4 turns
 71614 | Depths:4 | Paralysed by a floating eye for 3 turns
 71795 | Depths:4 | Found Loewn's Blood Bar.
 71850 | Depths:4 | Reached XP level 26. HP: 260/261 MP: 19/27
 71931 | Depths:4 | Found a gate to the Realm of Zot.
 72136 | Depths:4 | Killed Parghit
 72136 | Depths:4 | Identified the +1 robe "Tet Bauh" {Contam rElec rN+ rCorr}
                  | (Okawaru gifted it to you on level 4 of the Depths)
 72136 | Depths:4 | Received a gift from Okawaru
 72184 | Depths:4 | Reached skill level 5 in Earth Magic
 72280 | Depths:5 | Entered Level 5 of the Depths
 72329 | Depths:5 | Found a glowing silver altar of Zin.
 72368 | Depths:5 | Noticed a juggernaut
 72390 | Depths:5 | Killed a juggernaut
 72546 | Depths:5 | Reached skill level 5 in Translocations
 72758 | Depths:5 | Identified the amulet "Resah" {rPois Will+ Regen+ Int-4
                  | Stlth+}
 72796 | Depths:5 | Found a sparkling altar of Nemelex Xobeh.
 72919 | Depths:5 | Received a gift from Okawaru
 73047 | Depths:5 | Acquired a manual of Invocations
 73197 | Depths:5 | Received a gift from Okawaru
 73234 | Depths:5 | Found a one-way gateway to a ziggurat.
 73457 | Depths:5 | Reached skill level 27 in Fighting
 74046 | Zot:1    | Entered Level 1 of the Realm of Zot
 75016 | Zot:1    | Noticed an orb of fire
 75161 | Hell     | Entered the Vestibule of Hell
 75161 | Hell     | Noticed Geryon
 75180 | Hell     | Killed Geryon
 75198 | Depths:4 | Reached XP level 27. HP: 254/273 MP: 22/28
 76042 | Elf:3    | You paid a toll of a +5 demon trident to enter a treasure
                  | trove
 76043 | Trove    | Entered a treasure trove
 76047 | Trove    | Identified the ring of Daisies {Fly rElec rF- rN+}
 76056 | Trove    | Identified the ring of the Will of the Gods {rC+ rN+ Will+
                  | rCorr}
 76058 | Trove    | Identified the ring of Discord {rCorr Int+4}
 76060 | Trove    | Identified the amulet "Hiutap" {Faith rCorr Str-5 Int+7}
 76063 | Trove    | Identified the ring "Qanuitin" {Wiz rC+}
 76069 | Trove    | Identified the ring of Vyxkyz {rF+ rCorr}
 76468 | Vaults:3 | Bought a scroll of silence for 190 gold pieces
 76468 | Vaults:3 | Bought 6 silver boomerangs for 180 gold pieces
 76534 | Vaults:3 | Bought a scroll of teleportation for 57 gold pieces
 76534 | Vaults:3 | Bought a scroll of silence for 180 gold pieces
 76534 | Vaults:3 | Bought a scroll of silence for 180 gold pieces
 76534 | Vaults:3 | Bought a scroll of enchant armour for 142 gold pieces
 76534 | Vaults:3 | Bought a scroll of teleportation for 57 gold pieces
 76798 | Lair:1   | Received a gift from Okawaru
 76816 | Lair:1   | Killed Lanoc's ghost
 76831 | Lair:1   | Identified the +5 plate armour of Gytetom {Fly Dex+5}
 76845 | Lair:1   | Identified the +6 giant spiked club "Fesey" {spect, *Noise
                  | rElec Str+4}
 77046 | D:15     | Killed Pehig's ghost
 77649 | Lair:1   | Voluntarily entered the Abyss.
 77940 | Abyss:3  | Reached skill level 10 in Earth Magic
 77969 | Abyss:3  | Paralysed by accursed screaming for 1 turns
 77980 | Abyss:3  | Identified the +9 hand axe of Lazusico {flame, rPois}
                  | (Okawaru gifted it to you on level 3 of the Abyss)
 77980 | Abyss:3  | Received a gift from Okawaru
 78066 | Abyss:3  | Got an abyssal rune of Zot
 78249 | Lair:1   | Escaped the Abyss
 79235 | Zot:2    | Received a gift from Okawaru
 79593 | Zot:3    | Received a gift from Okawaru
 79595 | Zot:3    | Noticed an orb of fire
 79597 | Zot:3    | Gained mutation: You are clumsy. (Dex -2) [an orb of fire]
 79607 | Zot:3    | Killed an orb of fire
 79614 | Zot:3    | Reached skill level 10 in Translocations
 79670 | Zot:3    | Received a gift from Okawaru
 79715 | Zot:3    | Noticed an orb of fire
 79717 | Zot:3    | Gained mutation: Your body sometimes deteriorates upon
                  | taking damage. [an orb of fire]
 79725 | Zot:3    | Killed an orb of fire
 79788 | Zot:3    | Received a gift from Okawaru
 80011 | Zot:3    | You fall into a shaft and drop 1 floor!
 80579 | Zot:4    | Identified the +1 hat of Neciutsy {Slay+2} (Okawaru gifted
                  | it to you on level 4 of the Realm of Zot)
 80579 | Zot:4    | Received a gift from Okawaru
 80968 | Zot:4    | Identified the +2 robe of Diow {Will- Str+5 Dex+7}
 81162 | Zot:5    | Entered Level 5 of the Realm of Zot
 81164 | Zot:5    | Lost mutation: You have a pair of small horns on your head.
                  | [potion of mutation]
 81164 | Zot:5    | Lost mutation: Your magical capacity is low. (-10% MP)
                  | [potion of mutation]
 81164 | Zot:5    | Lost mutation: Your body sometimes deteriorates upon taking
                  | damage. [potion of mutation]
 81164 | Zot:5    | Gained mutation: You are very clumsy. (Dex -4) [potion of
                  | mutation]
 81164 | Zot:5    | Gained mutation: Your flesh is heat resistant. (rF+)
                  | [potion of mutation]
 81299 | Zot:1    | Gained mutation: You occasionally lose the ability to drink
                  | potions when taking damage. [an orb of fire]
 81315 | Zot:1    | Killed an orb of fire
 81531 | Zot:1    | Lost mutation: Your flesh is heat resistant. (rF+) [potion
                  | of mutation]
 81531 | Zot:1    | Lost mutation: You occasionally lose the ability to drink
                  | potions when taking damage. [potion of mutation]
 81531 | Zot:1    | Lost mutation: You are very clumsy. (Dex -4) [potion of
                  | mutation]
 81531 | Zot:1    | Gained mutation: You are very clumsy. (Dex -4) [potion of
                  | mutation]
 81531 | Zot:1    | Gained mutation: You passively dampen the noise of your
                  | surroundings. [potion of mutation]
 81588 | Zot:5    | Upgraded the game from 0.30-a0-347-gf58ed5266c to
                  | 0.30-a0-358-g0d69a1922f
 81593 | Zot:5    | Learned a level 4 spell: Manifold Assault
 81596 | Zot:5    | Learned a level 2 spell: Blink
 81905 | Crypt:1  | Entered Level 1 of the Crypt
 82381 | Crypt:1  | Reached skill level 27 in Shields
 83222 | Crypt:2  | Noticed an ancient lich
 83244 | Crypt:2  | Killed an ancient lich
 83244 | Crypt:2  | Received a gift from Okawaru
 83762 | Crypt:3  | Entered Level 3 of the Crypt
 83817 | Crypt:3  | Identified the +0 tower shield of Daugigan {rCorr Str+4}
                  | (Okawaru gifted it to you on level 3 of the Crypt)
 83817 | Crypt:3  | Received a gift from Okawaru
 84048 | Crypt:3  | Noticed Vv
 84076 | Crypt:3  | Killed Vv
 84690 | Crypt:3  | Found an ancient bone altar of Kikubaaqudgha.
 84737 | Crypt:3  | Noticed a dread lich
 84750 | Crypt:3  | Killed a dread lich
 84937 | Crypt:3  | Found a staircase to the Tomb.
 85141 | Crypt:3  | Noticed a dread lich
 85151 | Crypt:3  | Killed a dread lich
 85248 | Crypt:3  | Got Kikubaaqudgha's Teachings on Despicable Mysteries
 86321 | Zot:5    | Identified the +3 ring mail "Zatohahep" {rC++ Slay+2}
                  | (Okawaru gifted it to you on level 5 of the Realm of Zot)
 86321 | Zot:5    | Received a gift from Okawaru
 86394 | Zot:5    | Noticed a dread lich
 86420 | Zot:5    | Noticed an orb of fire
 86431 | Zot:5    | Killed a dread lich
 86464 | Zot:5    | Killed an orb of fire
 87088 | Zot:5    | Got Sif Muna's Almanac of Putrescence
 87109 | Zot:5    | Noticed an orb of fire
 87125 | Zot:5    | Gained mutation: You are weak. (Str -2) [an orb of fire]
 87147 | Zot:5    | Killed an orb of fire
 87157 | Zot:5    | Noticed an orb of fire
 87168 | Zot:5    | Killed an orb of fire
 87470 | Zot:5    | Noticed an ancient lich
 87473 | Zot:5    | Noticed an orb of fire
 87475 | Zot:5    | Noticed an orb of fire
 87477 | Zot:5    | Noticed an orb of fire
 87481 | Zot:5    | Killed an ancient lich
 87491 | Zot:5    | Gained mutation: You occasionally lose the ability to drink
                  | potions when taking damage. [an orb of fire]
 87500 | Zot:5    | Killed an orb of fire
 87501 | Zot:5    | Killed an orb of fire
 87503 | Zot:5    | Killed an orb of fire
 87518 | Zot:5    | Received a gift from Okawaru
 87764 | Zot:5    | Noticed a dread lich
 87785 | Zot:5    | Killed a dread lich
 87785 | Zot:5    | Received a gift from Okawaru
 87786 | Zot:5    | Reached skill level 15 in Translocations
 87936 | Zot:5    | Got the Orb of Zot
 87990 | Zot:4    | Noticed Qacluj the pandemonium lord
 88232 | D:11     | Received a gift from Okawaru
 88275 | D:10     | Noticed Veil the pandemonium lord
 88508 | D:$      | Escaped with the Orb!

Illustrated notes

Levels and vault maps discovered:
D:1:      psy_arrival_terrarium, layout_rooms, kennysheep_crisscross,
          minmay_3d_cube
D:2:      layout_basic, minmay_cupped
D:3:      layout_basic, serial_forest, infiniplex_forest_end_3,
          infiniplex_forest_straight_2, infiniplex_forest_end_3,
          infiniplex_forest_clump_tiny, infiniplex_forest_lined_room_2,
          infiniplex_forest_3_way, first_ration
D:4:      layout_rooms, okawaru_ov_weapons_minmay
D:5:      layout_gridville, tgw_sif, fedhas_altar_3
D:6:      layout_cave_pools
D:7:      layout_loops_cross, grunt_temple_overflow_open,
          minmay_temple_entry_statues, nicolae_ossuary_entry_monument,
          serial_park_tiny_1, uniq_duvessa, uniq_maggie, uniq_joseph
D:8:      layout_loops_corners, erik_lair_orcish_takeover, serial_shops,
          kennysheep_mini_moat, shop
D:9:      layout_gridville, lightli_temple_of_fire,
          mainiacjoe_overflow_six_doors_small, hex_large
D:10:     minmay_cut_squares, layout_cave_pools
D:11:     layout_roguey, hiddenorc2_lemuel
D:12:     layout_irregular_city, minmay_misc_feat_encased
D:13:     layout_loops_cross, minmay_misc_feat_roman, evilmike_ruin_ashenzari,
          uniq_josephine
D:14:     minmay_textured_paths, layout_irregular_city,
          nicolae_gozag_cash_rules_everything_around_me, gauntlet_entry_generic,
          amcnicky_mini_corridor_feature, uniq_jorgrun
D:15:     hangedman_depths_entry_civil_slaughter, layout_loops_corners,
          hellmonk_ghost_happy_afterlife, good_gods_temple_1,
          minmay_gold_behind_fungi
Lair:1:   layout_cave_pods, gammafunk_ghost_abyssal_escape, grunt_megastairs_2,
          lemuel_fruit_fields, lemuel_fruit_tree, serial_bayou_shore_b,
          serial_bayou_shore_b, uniq_amaemon
Lair:2:   layout_loops_ring, minmay_swamp_entry_swarm, gammafunk_ghost_arena
Lair:3:   layout_concentric_octagons, gammafunk_lair_bear_cave
Lair:4:   layout_gridlike, spider_nest_entry_rubble, nzn_sisyphean_effort
Lair:5:   layout_cave_pods, nicolae_slime_entry_slimehenge,
          chequers_serial_rivers_small_a, uniq_sonja, uniq_snorg
Lair:6:   hangedman_lair_tendril_chambers, layout_cave_pods
Swamp:1:  layout_falls_marsh, nicolae_swamp_ascending_descending, swamp_pool4,
          nicolae_swamp_spooky_pond, infiniplex_staircase_pool, uniq_donald
Swamp:2:  layout_basic_swamp, wheals_swamp_sinkhole, swamp_pool4,
          nicolae_swamp_some_circles, uniq_roxanne
Swamp:3:  layout_basic_swamp, nicolae_swamp_big_swirl
Swamp:4:  swamp, layout_basic_swamp
Spider:1: spider_temple_joshua, drop_trap
Spider:2: layout_spider_delve, portal_ice_cave_entry_ice_statue_one,
          nicolae_spider_cling_halls
Spider:3: layout_spider_delve, nicolae_spider_some_kinda_spiderbox
Spider:4: hellmonk_spider_rune_endless_swarm
Slime:1:  layout_caves
Slime:2:  layout_caves, cheibrodos_slime_lost_civilization_5
Slime:3:  layout_caves, amcnicky_altar_lugonu_corruption
Slime:4:  layout_caves
Slime:5
Orc:1:    layout_caves, lightli_orcish_oven, uniq_urug, uniq_fannar
Orc:2:    st_orc_ogre_mass, layout_diamond_mine, serial_shops,
          nicolae_shop_hallway_plus
Elf:1:    nicolae_elf_arrival_fired_up, layout_geoelf_octagon,
          minmay_elf_sorcery
Elf:2:    nicolae_elf_blades_splatter_lattice [nicolae_blade_entry_antechamber],
          layout_gridlike, serial_shops, nicolae_stop_n_shop_1, serial_glass,
          glass_columns_c, glass_columns_a, laboratory
Elf:3:    grunt_elf_hall_branching, layout_geoelf_castle,
          nicolae_trove_entry_free_sample, feat_on_display
Vaults:1: vaults_dpeg_doors, vaults_room_fancy_cross,
          nicolae_vaults_little_squares_3, v_pattern_5,
          nicolae_vaults_three_branches, nicolae_vaults_mini_display_case,
          grunt_vaults_hallway_short, layout_vaults_omnigrid, serial_shops,
          shop, uniq_aizul
Vaults:2: ontoclasm_vaults_pinch, v_misc_18, nicolae_vaults_octagons,
          hangedman_vaults_nails, ontoclasm_vaults_misaligned, v_rooms_5,
          nicolae_vaults_network_square, ontoclasm_vaults_hangar,
          vaults_room_grunt_arrival_checkpoint, v_alt_pattern_2,
          nicolae_vaults_shelves_hall, vaults_room_semicircle,
          nicolae_vaults_little_squares_3, layout_vaults_omnibox, serial_shops,
          nicolae_shop_temple_entry_statues_fountains, uniq_asterion
Vaults:3: minmay_crypt_entry_simple_plaza, grunt_tower_of_power,
          ontoclasm_vaults_ligature, grunt_vaults_hallway_short,
          hangedman_vaults_snaps, v_misc_19, hangedman_vaults_locks,
          v_pattern_1, vaults_dpeg_diagonal, vaults_room_stairs_pillars,
          grunt_vaults_hallway_short, layout_vaults_ring, serial_shops,
          nicolae_shop_advertising_works [nicolae_subvault_shop_adworks], shop,
          nicolae_shop_hallway_plus, nicolae_shop_bloodbath_and_beyond
Vaults:4: grunt_vaults_diagonal, grunt_vaults_hallway_long, vaults_room_hallway,
          vaults_room_hangedman_quadrants, v_misc_19, v_misc_3,
          nicolae_vaults_yaktaur_gun_rack, nicolae_vaults_little_squares_1,
          hangedman_vaults_nails, nicolae_vaults_hallways_thing,
          ontoclasm_vaults_decontamination, vaults_mumra_hex, v_misc_32,
          layout_vaults_maze_bifur
Vaults:5
Crypt:1:  layout_basic, corexii_leaking_fountain, corexii_hall_statues_x,
          grunt_ministairs_9
Crypt:2:  layout_chaotic_city, nicolae_crypt_soggy_tomb
Crypt:3:  quadcrypt_mu, uniq_vv
Depths:1: layout_gridlike, mu_enter_wizlab_4, rand_demon_pan_entry_5,
          grunt_hell_entry_dis_grunt, nrook_mini_vaults,
          chequers_serial_rivers_micro_e, hangedman_abyss_or_decor_stagger,
          roderic_lattice_a, hex_medium, evilmike_minifort
Depths:2: minmay_the_grid_octo_tiled_octocenter [minmay_the_grid_octo_77,
          minmay_the_grid_octo_vomiting_pacman, minmay_the_grid_octo_clover_2,
          minmay_the_grid_octo_fat_diamond, minmay_the_grid_octo_prize_star,
          minmay_the_grid_square_5x5_two_small,
          minmay_the_grid_square_5x5_lines, minmay_the_grid_square_5x5_minimal,
          minmay_the_grid_square_5x5_inner_v], layout_twisted_cross,
          nicolae_abyss_entry_one_way_or_another,
          nicolae_wu_jian_immortal_techniques, grunt_pan_entry_spiral,
          pf_hell_entry_tar_river
Depths:3: evilmike_diamond_1, layout_cave_pools, abyss_entry_glasseish,
          hell_entry, serial_bayou_shore_a, minmay_shoptagon, uniq_mara
Depths:4: four-leaf_vault, layout_gridlike, grunt_zot_entry_pinwheel,
          serial_shops, shop, shop, nicolae_square_shop, shop, shop, hell_entry,
          roderic_cross_of_infinity, nicolae_two_hexagons, solitary_fountain,
          guppyfry_shop_blood, infiniplex_staircase_split_hallway, uniq_parghit,
          uniq_margery, uniq_saint_roka
Depths:5: grunt_crosshair, layout_gridville, enter_ziggurat_f, hell_entry,
          nemelex_xobeh_ov_fountains_minmay, zin_scriptorium
Hell
Zot:1:    lemuel_halls_of_wrath, layout_gridlike, grunt_megastairs_3,
          uniq_josephina
Zot:2:    layout_concentric_octagons, amethyst_zot_foddershock
Zot:3:    layout_onion_interference, zot_minivault_6, grunt_megastairs_4
Zot:4:    layout_misc_corridors, grunt_ministairs_7, nicolae_lava_and_water,
          st_single_dragon_hoard_2, hangedman_zot_decor_slant, zot_minivault_5
Zot:5:    layout_gridlike, grunt_ministairs_15

Skill      XL: |  1  2  3  4  5  6  7  8  9 10 11 12 13 14 15 16 17 18 19 20 21 22 23 24 25 26 27 |
---------------+----------------------------------------------------------------------------------+-----
Axes           | 3 4 5 6 8 9 11 12 13 15 18 19 20 23 | 23.3
Fighting       | 4 5 6 7 8 9 10 11 12 14 15 16 18 19 21 22 23 25 26 27 | 27.0
Invocations    | 1 4 7 10 12 14 | 14.0
Shields        | 5 7 9 10 12 14 16 17 18 19 20 21 22 23 24 25 27 | 27.0
Armour         | 5 7 8 11 13 15 16 17 18 20 21 22 24 | 24.0
Throwing       | 3 5 8 10 12 14 | 14.0
Evocations     | 4 8 9 10 | 10.0
Dodging        | 3 7 10 12 | 12.0
Earth Magic    | 4 8 12 | 12.0
Translocations | 3 7 15 | 15.0

Action                   |  1- 3 |  4- 6 |  7- 9 | 10-12 | 13-15 | 16-18 | 19-21 | 22-24 | 25-27 || total
-------------------------+-------+-------+-------+-------+-------+-------+-------+-------+-------++-------
Melee: War axe           |    94 |   263 |   461 |   591 |       |       |   732 |    13 |   120 ||  2274
       Broad axe         |       |       |       |    60 |   905 |  1455 |   938 |  1502 |  4007 ||  8867
       Morningstar       |       |       |       |       |    29 |    18 |       |       |       ||    47
       Demon trident     |       |       |       |       |       |    10 |    96 |   149 |    11 ||   266
       Headbutt          |       |       |       |       |       |       |       |   441 |   971 ||  1412
Throw: Javelin           |       |       |       |     5 |     2 |     1 |    11 |    20 |    49 ||    88
       Boomerang         |       |       |       |       |       |    63 |    59 |   319 |   162 ||   603
 Cast: Manifold Assault  |       |       |       |       |       |       |       |       |     1 ||     1
Invok: Heroism           |       |       |     4 |    13 |    13 |    16 |    14 |    26 |    24 ||   110
       Finesse           |       |       |       |     4 |     5 |     5 |     1 |     5 |    18 ||    38
Evoke: Wand              |       |       |       |    16 |     5 |       |     1 |    12 |    26 ||    60
       Condenser vane    |       |       |       |       |       |       |     3 |     3 |       ||     6
       Phial of floods   |       |       |       |       |       |       |     1 |       |       ||     1
       Tin of tremorston |       |       |       |       |       |       |       |     3 |     2 ||     5
  Use: Potion            |     2 |       |     1 |     6 |       |     4 |     1 |    15 |     6 ||    35
       Scroll            |       |    12 |     1 |     5 |    10 |    11 |     7 |    13 |    25 ||    84
 Stab: Sleeping          |       |       |       |     3 |       |       |       |       |       ||     3
       Distracted        |       |       |       |       |     1 |       |     1 |       |     2 ||     4
       Paralysed         |       |       |       |       |       |       |     2 |       |     7 ||     9
       Invisible         |       |       |       |       |       |       |       |     1 |     5 ||     6
  Eat: Removed food      |     2 |     2 |     4 |       |       |       |       |       |       ||     8
       Removed food      |     1 |     1 |     3 |     2 |       |       |       |       |       ||     7
Armor: Scale mail        |    48 |    44 |   150 |     8 |   134 |   372 |       |       |       ||   756
       Skin              |     1 |       |       |       |       |       |       |       |       ||     1
       Steam dragon scal |       |       |     2 |   117 |       |       |       |       |       ||   119
       Plate armour      |       |       |       |       |   135 |   168 |   432 |   360 |    11 ||  1106
       Gold dragon scale |       |       |       |       |       |       |       |       |  1277 ||  1277
Dodge: Dodged            |    46 |    25 |   122 |   189 |   150 |   329 |   262 |   265 |   729 ||  2117
Block: Kite shield       |    57 |    57 |   209 |   276 |   546 |  1460 |  1333 |  1227 |  3261 ||  8426
       Reflection        |       |       |       |       |       |       |     3 |    55 |       ||    58

Table legend: (Time is in decaauts)
 A = Elapsed time spent in this place.
 B = Non-inter-level travel time spent in this place.
 C = Inter-level travel time spent in this place.
 D = Time resting spent in this place.
 E = Time spent auto-exploring this place.
 F = Levels seen in this place.
 G = Mean time per level.
                   A        B        C        D        E       F      G
               +--------+--------+--------+--------+--------+-----+--------+
         Total |  85477 |  73603 |  11874 |  17279 |  20776 |  65 | 1315.0 |
       Dungeon |  23689 |  20074 |   3615 |   6280 |   7250 |  15 | 1579.3 |
          Lair |   8796 |   6703 |   2093 |    572 |   4330 |   6 | 1466.0 |
         Swamp |   4168 |   3918 |    250 |   1228 |    422 |   4 | 1042.0 |
   Spider Nest |   7988 |   7517 |    471 |   2723 |   2294 |   4 | 1997.0 |
    Slime Pits |   1766 |   1417 |    349 |    310 |      0 |   5 |  353.2 |
  Orcish Mines |   3168 |   2797 |    371 |   1339 |    581 |   2 | 1584.0 |
   Elven Halls |   5587 |   4393 |   1194 |   1275 |    559 |   3 | 1862.3 |
        Vaults |  10703 |   8798 |   1905 |   1498 |   1638 |   5 | 2140.6 |
         Crypt |   3253 |   3074 |    179 |     39 |   1442 |   3 | 1084.3 |
        Depths |   7418 |   6649 |    769 |    529 |   1956 |   5 | 1483.6 |
          Hell |    102 |    102 |      0 |     12 |      0 |   1 |  102.0 |
           Zot |   5959 |   5284 |    675 |    982 |    161 |   5 | 1191.8 |
         Abyss |   1258 |   1258 |      0 |    141 |      0 |   3 |  419.3 |
         Trove |     44 |     44 |      0 |      0 |      0 |   1 |   44.0 |
       Ossuary |    179 |    179 |      0 |      0 |     34 |   1 |  179.0 |
        Wizlab |    827 |    827 |      0 |    128 |    108 |   1 |  827.0 |
      Gauntlet |    566 |    566 |      0 |    217 |      0 |   1 |  566.0 |
               +--------+--------+--------+--------+--------+-----+--------+

Top non-repeatable levels by time:
   Elf:3: 3168 daAuts
Spider:1: 2969 daAuts
Vaults:1: 2891 daAuts
Vaults:5: 2315 daAuts
Spider:4: 2210 daAuts
Vaults:3: 2088 daAuts
Vaults:2: 2038 daAuts
   Orc:2: 1974 daAuts
  Lair:6: 1904 daAuts
    D:11: 1877 daAuts
Depths:4: 1821 daAuts
    D:14: 1765 daAuts
   Zot:5: 1686 daAuts
  Lair:1: 1659 daAuts
     D:8: 1624 daAuts
Note: time per level data comes from an upgraded game and may be incomplete.
